 Dungeon Crawl Stone Soup version 0.28-a0-535-g6f645e4c1d (webtiles) character file.

Game seed: 16745106799597621833

1699 siradein the Skirmisher (level 9, -14/57 HPs)
             Began as a Gargoyle Fighter on Sept 26, 2021.
             Was a Follower of Okawaru.
             Demolished by a komodo dragon (16 damage)
             ... on level 5 of the Dungeon.
             The game lasted 00:11:34 (6650 turns).

siradein the Skirmisher (Gargoyle Fighter)          Turns: 6650, Time: 00:11:34

Health: -14/57     AC: 30    Str: 21    XL:     9   Next: 3%
Magic:  8/9        EV:  8    Int:  9    God:    Okawaru [*.....]
Gold:   249        SH:  5    Dex: 11    Spells: 8/8 levels left

rFire   . . .      SeeInvis .   t - +1 flail (protect)
rCold   . . .      Faith    .   c - +0 buckler
rNeg    + . .      Spirit   .   r - +4 chain mail
rPois   ∞          Reflect  .   (no helmet)
rElec   +          Harm     .   a - +0 cloak
rCorr   .          Rampage  .   q - +0 pair of gloves
Will    .....                   (no boots)
Stlth   ..........              (no amulet)
HPRegen 0.19/turn               (no ring)
MPRegen 0.11/turn               (no ring)

@: under a protective aura
A: sickness immunity, AC +6, negative energy resistance 1, electricity
resistance, torment resistance 1, petrification resistance
a: Renounce Religion, Heroism


You were on level 5 of the Dungeon.
You worshipped Okawaru.
Okawaru was aware of your devotion.
You visited 1 branch of the dungeon, and saw 6 of its levels.
You also visited: Sewer.

You collected 414 gold pieces.
You spent 165 gold pieces at shops.

Inventory:

Hand Weapons
 p - a +0 hunting sling
 t - a +1 flail of protection (weapon)
Missiles
 l - 56 sling bullets
 m - 111 stones
 w - a silver boomerang
 y - 9 poisoned darts (quivered)
Armour
 a - a +0 cloak (worn)
 c - a +0 buckler (worn)
 q - a +0 pair of gloves (worn)
 r - a +4 chain mail (worn)
Jewellery
 o - a ring of fire
 s - a ring of wizardry
Wands
 x - a wand of acid (13)
Scrolls
 b - a scroll of immolation
 e - a scroll of enchant weapon {unknown}
 g - 4 scrolls of enchant armour
 h - 2 scrolls of teleportation {unknown}
 C - a scroll of amnesia {unknown}
Potions
 d - a potion of might
 f - 2 potions of curing
 i - 2 potions of flight {unknown}
 j - a potion of resistance {unknown}
 k - a potion of cancellation {unknown}
 n - a potion of berserk rage {unknown}
 u - a potion of heal wounds {unknown}
 v - a potion of magic {unknown}
 z - 2 potions of haste
 A - a potion of brilliance {unknown}
 B - a potion of mutation {unknown}


   Skills:
 + Level 7.0 Fighting
 + Level 5.8 Maces & Flails
 + Level 7.0 Armour
 + Level 6.9 Shields
 + Level 0.0 Invocations


You had 8 spell levels left.
You didn't know any spells.
Your spell library contained the following spells:

 Spells                   Type           Power      Damage    Failure   Level
 Foxfire                  Conj/Fire      0%         2x1d4     97%         1
 Passwall                 Tmut/Erth      0%         N/A       99%         2
 Conjure Flame            Conj/Fire      0%         6-21      100%        3
 Inner Flame              Hex/Fire       0%         N/A       100%        3
 Swiftness                Air            0%         N/A       100%        3
 Flame Wave               Conj/Fire      0%         3d3       100%        4
 Iskenderun's Battlesphe  Conj           0%         2d6       100%        5
 Invisibility             Hex            0%         N/A       100%        6
 Iron Shot                Conj/Erth      0%         9d1       100%        6
 Chain Lightning          Conj/Air       0%         N/A       100%        9
 Spellforged Servitor     Conj/Summ      Unusable   N/A       N/A         7

Dungeon Overview and Level Annotations

Branches:
Dungeon (6/15)              Sewer (visited)
 Temple: D:4-7

Altars:
Ashenzari
Elyvilon
Okawaru
Sif Muna
Uskayaw
Wu Jian
The Shining One

Shops:
D:3 *

Annotations:
D:5 1 runed translucent door, dracfodder's ghost, amateur GrEE


Innate Abilities, Weirdness & Mutations

You are immune to sickness and miasma.
Your stone body is resilient. (AC +6)
You are immune to poison.
You resist negative energy. (rN+)
You are resistant to electric shocks. (rElec)
You are resistant to unholy torment.
You are immune to petrification.


Message History

Your weapon exudes an aura of protection.
You block the komodo dragon's attack.
You closely miss the komodo dragon. The komodo dragon barely misses you.
You hit the komodo dragon.
The komodo dragon is lightly wounded.
You hit the komodo dragon.
The komodo dragon is lightly wounded.
The komodo dragon closely misses you.
You barely miss the komodo dragon.
The komodo dragon is lightly wounded.
The komodo dragon bites you.
You sock the komodo dragon!
The komodo dragon is moderately wounded.
The komodo dragon bites you but does no damage.
You sock the komodo dragon!
The komodo dragon is severely wounded.
The komodo dragon bites you but does no damage.
You closely miss the komodo dragon.
The komodo dragon is severely wounded.
The komodo dragon barely misses you.
You sock the komodo dragon!
The komodo dragon is severely wounded.
The komodo dragon bites you!
You hit the komodo dragon.
The komodo dragon is almost dead.
The komodo dragon bites you but does no damage.
You hit the komodo dragon but do no damage.
The komodo dragon is almost dead.
You feel like a meek peon again.
You closely miss the komodo dragon.
The komodo dragon is almost dead.
The komodo dragon barely misses you. The komodo dragon bites you!!
* * * LOW HITPOINT WARNING * * *
You closely miss the komodo dragon.
The komodo dragon is almost dead.
The komodo dragon barely misses you.
You hit the komodo dragon.
The komodo dragon is almost dead.
The komodo dragon bites you!
You die...

###############
#.............#####
#.#####..##.......# #.#
#..##.#####[#
####.#####..##.# #[#
#..............# #.#
#.##.##..#.l#..# #[#
#.##.##..#.@...#####.#
#.##.......[#........######
#.###....#>[>)............#
#.#
#.##.####..#####.####.##
#.###.##.# #..#####.#......
#........# #...)....#.#####
#####.#### ##...######.# #
##.# ##.....## #.# # ##..#
##.......## #.# #


You could see a komodo dragon.

Vanquished Creatures
  A water moccasin (D:5)
  Purgy (Sewer)
  A necrophage (D:5)
  2 ogres
  2 wyvern zombies
  A bullfrog (D:6)
  A water moccasin zombie (D:6)
  4 scorpions
  A wyvern skeleton (D:6)
  A howler monkey (D:5)
  3 bullfrog zombies (D:6)
  A centaur zombie (D:6)
  4 bullfrog skeletons
  3 hounds (D:5)
  2 orc priests (D:6)
  2 orc wizards (D:5)
  A killer bee zombie (D:6)
  A hound skeleton (D:5)
  2 howler monkey zombies (D:6)
  6 adders
  3 gnolls (D:6)
  A white imp (D:5)
  An ufetubus (D:6)
  An adder skeleton (D:4)
  2 worms
  2 dart slugs
  14 orcs
  5 ball pythons
  8 bats
  6 endoplasms
  2 giant cockroaches
  4 goblins
  4 hobgoblins
  5 kobolds
  6 quokkas
  2 frilled lizards
  4 rats
110 creatures vanquished.

Vanquished Creatures (others)
  4 toadstools (D:2)
  2 withered plants (D:5)
6 creatures vanquished.

Grand Total: 116 creatures vanquished

Notes
Turn   | Place    | Note
-------+----------+-------------------------------------------
     0 | D:1      | siradein the Gargoyle Fighter began the quest for the Orb.
     0 | D:1      | Reached XP level 1. HP: 14/14 MP: 1/1
   255 | D:1      | Reached XP level 2. HP: 18/19 MP: 2/2
  1075 | D:2      | Reached XP level 3. HP: 19/23 MP: 3/3
  1574 | D:2      | Found a faded altar of an unknown god.
  1587 | D:2      | Reached XP level 4. HP: 29/29 MP: 4/4
  2143 | D:3      | Found Obeicky's Assorted Antiques.
  2149 | D:3      | Bought a glowing chain mail for 165 gold pieces
  2372 | D:3      | Found a white marble altar of Elyvilon.
  3012 | D:4      | Reached XP level 5. HP: 11/34 MP: 5/5
  3472 | D:4      | Reached XP level 6. HP: 38/39 MP: 6/6
  3509 | D:4      | Found a glowing golden altar of the Shining One.
  3634 | D:5      | Entered Level 5 of the Dungeon
  3792 | D:5      | Got the Handbook of Flamy Confrontation
  3899 | D:5      | Found a glowing drain.
  3913 | Sewer    | Entered a sewer
  3948 | Sewer    | Noticed Purgy
  3969 | Sewer    | Killed Purgy
  3970 | Sewer    | Reached skill level 5 in Fighting
  3970 | Sewer    | Reached skill level 5 in Armour
  3970 | Sewer    | Reached skill level 5 in Shields
  3970 | Sewer    | Reached XP level 7. HP: 28/44 MP: 7/7
  4640 | D:5      | Reached XP level 8. HP: 51/51 MP: 8/8
  4790 | D:5      | Found a runed translucent door.
  4790 | D:5      | Noticed dracfodder's ghost (amateur GrEE)
  5010 | D:5      | Found a shimmering blue altar of Sif Muna.
  5010 | D:5      | Found an iron altar of Okawaru.
  5015 | D:5      | Found a broken altar of Ashenzari.
  5025 | D:5      | Became a worshipper of Warmaster Okawaru
  5039 | D:5      | Found a hide-covered altar of Uskayaw.
  5041 | D:5      | Found an ornate altar of the Wu Jian Council.
  5314 | D:5      | Reached skill level 5 in Maces & Flails
  5549 | D:6      | Reached * piety under Okawaru
  6307 | D:6      | Reached XP level 9. HP: 41/56 MP: 9/9
  6427 | D:6      | Noticed a komodo dragon
  6648 | D:5      | HP: 2/57 [komodo dragon (18)]
  6650 | D:5      | Demolished by a komodo dragon

Illustrated notes

Levels and vault maps discovered:
D:1:      lightli_arrival_windingriver, layout_basic, serial_forest,
          infiniplex_forest_lined_room_2, infiniplex_forest_zigzag_2,
          infiniplex_forest_clump_curved, infiniplex_forest_clump_cross,
          infiniplex_forest_lined_corner, infiniplex_forest_clump_long,
          minmay_curled_crystal
D:2:      layout_loops_ring, chequers_ecumenical_altar_simple,
          minmay_gold_behind_fungi, chequers_mini_garden
D:3:      layout_rooms, elyvilon_altar_1, serial_shops, shop, minmay_hedge_maze
D:4:      layout_loops_ring, lemuel_round_altar, minmay_misc_feat_cross
D:5:      minmay_opposing_rooms, layout_loops_corners,
          chequers_temple_overflow_minitemple, gammafunk_ghost_grave,
          cheibrodos_sewer_entry_bend,
          hangedman_abyss_or_decor_jellyfish_corner, amethyst_killhole
D:6:      layout_rooms, worldfamousw_hep_ancestral_shrine, serial_undead,
          serial_undead_a, serial_undead_f, serial_undead_f, serial_undead_b

Skill      XL: |  1  2  3  4  5  6  7  8  9 |
---------------+----------------------------+-----
Fighting       | 4 5 6 7 |  7.0
Armour         | 4 5 6 7 |  7.0
Shields        | 4 5 6 |  6.9
Maces & Flails | 3 4 5 |  5.8

Action                   |  1- 3 |  4- 6 |  7- 9 || total
-------------------------+-------+-------+-------++-------
Melee: Flail             |   104 |   162 |   262 ||   528
 Fire: Hunting sling     |       |     4 |     6 ||    10
Invok: Heroism           |       |       |     1 ||     1
  Use: Scroll            |       |     5 |     1 ||     6
 Stab: Sleeping          |       |     1 |       ||     1
Armor: Scale mail        |     9 |       |       ||     9
       Leather armour    |    37 |     9 |       ||    46
       Chain mail        |       |   140 |   287 ||   427
Dodge: Dodged            |    73 |    65 |   141 ||   279
Block: Buckler           |    33 |    42 |    98 ||   173

Table legend: (Time is in decaauts)
 A = Elapsed time spent in this place.
 B = Non-inter-level travel time spent in this place.
 C = Inter-level travel time spent in this place.
 D = Time resting spent in this place.
 E = Time spent auto-exploring this place.
 F = Levels seen in this place.
 G = Mean time per level.
                   A        B        C        D        E       F      G
               +--------+--------+--------+--------+--------+-----+--------+
         Total |   6768 |   6655 |    113 |    608 |   4307 |   7 |  966.9 |
       Dungeon |   6547 |   6434 |    113 |    608 |   4141 |   6 | 1091.2 |
         Sewer |    220 |    220 |      0 |      0 |    166 |   1 |  220.0 |
               +--------+--------+--------+--------+--------+-----+--------+

Top non-repeatable levels by time:
     D:5: 1830 daAuts
     D:4: 1180 daAuts
     D:2: 1010 daAuts
     D:1: 935 daAuts
     D:3: 815 daAuts
     D:6: 775 daAuts
   Sewer: 220 daAuts
